 Dungeon Crawl Stone Soup version 0.18.1-5-g4a78601 (webtiles) character file.

72 Jerry the Shield-Bearer (level 4, 4/35 HPs)
             Began as a Formicid Fighter on May 14, 2016.
             Quit the game on level 2 of the Dungeon.
             The game lasted 00:04:13 (1319 turns).

Jerry the Shield-Bearer (Formicid Fighter)          Turns: 1319, Time: 00:04:13

Health: 4/35       AC:  7    Str: 22    XL:     4   Next: 48%
Magic:  4/4        EV:  8    Int: 12    God:
Gold:   49         SH: 10    Dex: 10    Spells: 0 memorised, 3 levels left

rFire  . . .     SeeInvis +     a - +0 war axe
rCold  . . .     Gourm    .     b - +0 scale mail
rNeg   . . .     Faith    .     c - +0 shield
rPois  .         Spirit   .     (helmet unavailable)
rElec  .         Dismiss  .     (no cloak)
rCorr  .         Reflect  .     (no gloves)
SustAt .         Harm     .     (no boots)
MR     .....                    (no amulet)
Stlth  ..........               (no ring)
                                (no ring)

@: brilliant, lethally poisoned (4 -> 0), flying, not resistant to hostile
enchantments, extremely unstealthy
A: permanent stasis, dig shafts and tunnels, four strong arms, antennae 3
a: Dig, Shaft Self


You were on level 2 of the Dungeon.
You were not hungry.

You visited 1 branch of the dungeon, and saw 2 of its levels.

You collected 49 gold pieces.

Inventory:

Hand Weapons
 a - a +0 war axe (weapon)
Armour
 b - a +0 scale mail (worn)
 c - a +0 shield (worn)
Wands
 m - a wand of slowing (22/48)
Scrolls
 e - a scroll of amnesia {unknown}
 g - a scroll of teleportation {unknown}
 h - a scroll of identify {unknown}
 j - a scroll of enchant armour {unknown}
Potions
 d - a potion of might
 i - a potion of brilliance
Comestibles
 f - 2 bread rations
 n - a chunk of flesh


   Skills:
 - Level 3.2 Fighting
 + Level 2.8 Axes
 + Level 3.9 Armour
 + Level 4.8 Shields


You had 3 spell levels left.
You didn't know any spells.

Dungeon Overview and Level Annotations

Branches:
Dungeon (2/15)

Altars:

Annotations:
D:2 Robin


Innate Abilities, Weirdness & Mutations

You are under a permanent stasis effect.
You can dig through walls and to a lower floor.
Your four strong arms can wield two-handed weapons with a shield.
You have a pair of large antennae on your head (SInv).


Message History

Drink which item? (? for menu, Esc to quit)
It was a potion of flight.
You feel very buoyant.
You fly up into the air.
The hobgoblin shouts!
The goblin shouts!
The kobold shouts!
You block the adder's attack.
The goblin moves out of view.
A giant newt, a hobgoblin and Robin come into view.
Drink which item? (? for menu, Esc to quit)
It was a potion of magic.
Magic courses through your body.
Robin shouts!
The hobgoblin shouts!
The adder barely misses you. x2; The hobgoblin moves out of view.
Robin roars a battlecry!
The goblins go into a battle-frenzy!
A hobgoblin comes into view.
Are you sure you want to abandon this character and quit the game? (Confirm with "yes".)
Okay, then.
Unknown command.
Unknown command.
Unknown command.
Are you sure you want to abandon this character and quit the game? (Confirm with "yes".)

.#.#.# .....#
.....# . ##.#.#.#
.l. #.?....
....K######..#.#.#
..g.g..@SS.......#
gg.g.####K.%.####
..g{ #(...# .{
#(#### #.# #.# #.#
#.########
#.#####.........


You could see Robin, 2 adders, 3 hobgoblins, 2 goblins, 2 kobolds and a giant
newt.

Vanquished Creatures
  2 adders (D:2)
  A dart slug (D:1)
  A giant gecko (D:1)
  2 ball pythons (D:1)
  4 bats
  3 giant cockroaches
  5 goblins
  8 hobgoblins
  5 jackals
  2 giant newts
  3 kobolds (D:1)
  11 rats
47 creatures vanquished.

Notes
Turn   | Place    | Note
--------------------------------------------------------------
     0 | D:1      | Jerry the Formicid Fighter began the quest for the Orb.
     0 | D:1      | Reached XP level 1. HP: 18/18 MP: 1/1
    56 | D:1      | Reached XP level 2. HP: 24/24 MP: 2/2
    72 | D:1      | Reached skill level 4 in Shields
   213 | D:1      | Reached XP level 3. HP: 27/29 MP: 3/3
   920 | D:2      | Reached XP level 4. HP: 18/35 MP: 4/4
  1190 | D:2      | Found a faded altar to an unknown god.
  1318 | D:2      | Noticed Robin
  1319 | D:2      | Quit the game

Skill      XL: |  1  2 |
---------------+-------+-----
Shields        | 4 |  4.8
Fighting       | |  3.2
Axes           | |  2.8
Armour         | |  3.9

Action                   |  1- 3 |  4- 6 || total
-------------------------+-------+-------++-------
Melee: War axe           |   119 |    49 ||   168
  Use: Potion            |       |     3 ||     3
  Eat: Chunk             |       |     2 ||     2
Armor: Scale mail        |    50 |    35 ||    85
Dodge: Dodged            |    49 |    28 ||    77
Block: Shield            |    82 |    33 ||   115
